 Dungeon Crawl Stone Soup version 0.31-a0-544-gceb718ecc6 (webtiles) character file.

Game seed: 9211907657166916014

101 Ghostmaker01 the Covered (level 4, -1/4 HPs)
             Began as a Minotaur Fighter on Aug 15, 2023.
             Slain by a black bear (5 damage)
             ... on level 3 of the Dungeon.
             The game lasted 00:10:09 (5028 turns).

Ghostmaker01 the Covered (Minotaur Fighter)         Turns: 5028, Time: 00:10:09

Health: -1/4       AC:  0    Str: 22    XL:     4   Next: 48%
Magic:  3/3        EV: 11    Int:  5    God:
Gold:   125        SH:  4    Dex: 10    Spells: 3/3 levels left

rFire   . . .        a - +0 war axe
rCold   . . .        c - +0 buckler
rNeg    . . .        b - melded +0 scale mail
rPois   .            (helmet restricted)
rElec   .            (no cloak)
rCorr   .            (no gloves)
SInv    .            (no boots)
Will    .....        (no amulet)
Stlth   +            (no ring)
HPRegen 0.20/turn    (no ring)
MPRegen 0.08/turn

%: no passive effects
@: maw-form
A: devouring maw, reduced hp, horns 2, retaliatory headbutt
a: Begin Untransformation


You were on level 3 of the Dungeon.
You were a creature with a mouth for a stomach.
You visited 1 branch of the dungeon, and saw 3 of its levels.

You collected 125 gold pieces.

Inventory:

Hand Weapons
 a - a +0 war axe (weapon)
Missiles
 p - 5 poisoned darts
Armour
 b - a +0 scale mail (melded)
 c - a +0 buckler (worn)
Talismans
 n - a storm talisman
 q - a maw talisman (active)
Scrolls
 e - a scroll of poison {unknown}
 f - 2 scrolls of fog
 k - a scroll of enchant armour {unknown}
 o - a scroll of immolation {unknown}
 r - a scroll of noise {unknown}
 s - a scroll of amnesia {unknown}
Potions
 d - 2 potions of might
 g - a potion of haste {unknown}
 h - a potion of enlightenment {unknown}
 i - 4 potions of curing
 j - a potion of heal wounds {unknown}
 l - a potion of degeneration
 m - a potion of attraction {unknown}


   Skills:
 * Level 4.2 Fighting
 * Level 4.0 Axes
 * Level 4.6 Armour
 + Level 0.4 Dodging
 + Level 4.1 Shields


You had 3 spell levels left.
You didn't know any spells.
Your spell library contained the following spells:

 Spells                   Type           Power      Damage    Failure   Level
 Sublimation of Blood     Necr           0%         N/A       67%         2
 Wereblood                Tmut           0%         N/A       67%         2
 Summon Hydra             Summ           0%         N/A       100%        7


Dungeon Overview and Level Annotations

Branches:
Dungeon (3/15)

Altars:

Shops:
D:1 [   D:2 (


Innate Abilities, Weirdness & Mutations

You are a creature with a mouth for a stomach.
Your midsection houses a second, enormous mouth.
Your maximum health is decreased, since you lack skill for your form.
You have a pair of horns on your head.
You reflexively headbutt those who attack you in melee.


Message History

The hobgoblin completely misses you. You furiously retaliate!
You headbutt the hobgoblin.
You kill the hobgoblin!
No target in view!
No target in view!
No target in view!
No target in view!
No target in view!
No target in view!
No target in view!
You see here a hobgoblin corpse.
Found a buckler.
No target in view!
You see here a +0 buckler.
A frilled lizard comes into view.
The frilled lizard hisses angrily.
You closely miss the frilled lizard.
The frilled lizard barely misses you. x2
You hit the frilled lizard but do no damage.
You headbutt the frilled lizard.
You devour the frilled lizard!
You feel better.
You kill the frilled lizard!
No target in view!
No target in view!
No target in view!
No target in view!
No target in view!
No target in view!
No target in view!
Found a stone staircase leading up.
No target in view!
r - a scroll labelled RACYCVOIQE You now have 125 gold pieces (gained 7).
s - a scroll labelled NATUPSI SADU No target in view!
i - 4 potions of curing (gained 1)
A black bear comes into view.
A black bear is nearby!
You block the black bear's attack. The black bear claws you.
Ouch! That really hurt!
You die...

....# ....#
....# ....#
....#
.#########....#
......hW..# #.
#########.# #.
..##.# #.#
####.#..# #.#
#.##.#.## #.#
#.......# #.#
#.##.#..#
#.#####.##.#..#
#.....#.##.####


You could see a black bear.

Vanquished Creatures
  4 adders (D:2)
  2 worms (D:2)
  A dart slug (D:2)
  5 ball pythons
  7 endoplasms
  2 giant cockroaches
  A goblin (D:1)
  4 hobgoblins
  2 jackals (D:1)
  12 bats
  4 frilled lizards
  7 kobolds
  7 rats
58 creatures vanquished.

Notes
Turn   | Place    | Note
-------+----------+-------------------------------------------
     0 | D:1      | Ghostmaker01 the Minotaur Fighter began the quest for the
                  | Orb.
     0 | D:1      | Reached XP level 1. HP: 19/19 MP: 0/0
   270 | D:1      | Reached XP level 2. HP: 26/27 MP: 1/1
   449 | D:1      | Found Rereawn's Antique Armour Emporium.
   774 | D:2      | Reached XP level 3. HP: 33/33 MP: 2/2
  1166 | D:2      | Reached XP level 4. HP: 40/40 MP: 3/3
  4683 | D:2      | Found Vuilor's Antique Weapon Boutique.
  5026 | D:3      | Noticed a black bear
  5028 | D:3      | Slain by a black bear

Illustrated notes

Levels and vault maps discovered:
D:1:      dpeg_arrival_pond, layout_loops_ring, serial_shops, shop,
          nicolae_concentric_dashed_squares_mild, st_stairs_10
D:2:      minmay_recursive_quarters, layout_loops_cross, serial_shops, shop,
          minmay_pentomino_pile
D:3:      layout_basic, gammafunk_temple_overflow_elements

Skill      XL: |  1  2  3  4 |
---------------+-------------+-----
Armour         | 4 |  4.6
Fighting       | 4 |  4.2
Shields        | 4 |  4.1
Axes           | 3 4 |  4.0
Dodging        | |  0.4

Action                     |  1- 3 |  4- 6 || total
---------------------------+-------+-------++-------
  Melee: War axe           |    76 |    17 ||    93
         Headbutt          |     8 |     1 ||     9
         Unarmed           |       |     9 ||     9
    Use: Scroll            |       |     3 ||     3
 Armour: Scale mail        |    45 |     6 ||    51
         Skin              |       |     3 ||     3
  Dodge: Dodged            |    39 |    20 ||    59
  Block: Buckler           |    24 |     3 ||    27
         Form:             |       |     2 ||     2
         Storm             |       |     2 ||     2
         Maw               |       |     1 ||     1

Table legend: (Time is in decaauts)
 A = Elapsed time spent in this place.
 B = Non-inter-level travel time spent in this place.
 C = Inter-level travel time spent in this place.
 D = Time resting spent in this place.
 E = Time spent auto-exploring this place.
 F = Levels seen in this place.
 G = Mean time per level.
                   A        B        C        D        E       F      G
               +--------+--------+--------+--------+--------+-----+--------+
         Total |   5061 |   4931 |    130 |   3072 |   1494 |   3 | 1687.0 |
       Dungeon |   5061 |   4931 |    130 |   3072 |   1494 |   3 | 1687.0 |
               +--------+--------+--------+--------+--------+-----+--------+

Top non-repeatable levels by time:
     D:2: 4217 daAuts
     D:1: 723 daAuts
     D:3: 121 daAuts
